 Dungeon Crawl Stone Soup version 0.29-a0-284-gf9362112df (webtiles) character file.

Game seed: 16791647335609859374

190 siradein the Changer (level 5, -2/38 HPs)
             Began as a Demonspawn Transmuter on Mar 31, 2022.
             Slain by an adder (3 damage)
             ... on level 4 of the Dungeon.
             The game lasted 00:08:18 (3070 turns).

siradein the Changer (Demonspawn Transmuter)        Turns: 3070, Time: 00:08:19

Health: -2/38      AC: 10    Str: 10    XL:     5   Next: 41%
Magic:  7/9        EV: 12    Int: 17    God:
Gold:   146        SH:  0    Dex: 13    Spells: 3/9 levels left

rFire   . . .      SeeInvis .     - Unarmed
rCold   . . .      Faith    .   (no shield)
rNeg    . . .      Spirit   .   m - +0 leather armour
rPois   .          Reflect  .   (helmet restricted)
rElec   .          Harm     .   (no cloak)
rCorr   .          Rampage  .   h - +0 pair of gloves
Will    .....                   (no boots)
Stlth   +.........              (no amulet)
HPRegen 0.12/turn               e - +4 ring of protection
MPRegen 0.11/turn               (no ring)

@: lethally poisoned (-2 -> -6), wereblooded, very slow
A: antennae 1, yellow scales 1, demonic magic 1
a: no special abilities


You were on level 4 of the Dungeon.
You visited 1 branch of the dungeon, and saw 4 of its levels.

You collected 146 gold pieces.

Inventory:

Armour
 h - a +0 pair of gloves (worn)
 m - a +0 leather armour (worn)
Jewellery
 e - a +4 ring of protection (left hand)
Scrolls
 c - 2 scrolls of magic mapping {unknown}
 d - 2 scrolls of noise {unknown}
 g - 2 scrolls of identify {unknown}
 i - a scroll of brand weapon {unknown}
 j - a scroll of blinking {unknown}
 l - 2 scrolls of enchant weapon
 o - a scroll of fear {unknown}
 p - a scroll of amnesia {unknown}
 q - a scroll of teleportation {unknown}
Potions
 a - a potion of brilliance {unknown}
 b - 2 potions of lignification
 f - a potion of curing {unknown}
 k - a potion of berserk rage {unknown}
 n - 2 potions of attraction {unknown}


   Skills:
 + Level 2.1 Fighting
 + Level 0.3 Armour
 + Level 2.5 Dodging
 + Level 3.3 Unarmed Combat
 + Level 2.7 Spellcasting
 * Level 3.3 Transmutations
 + Level 0.2 Poison Magic


You had 3 spell levels left.
You knew the following spells:

 Your Spells              Type           Power      Damage    Failure   Level
a - Beastly Appendage     Tmut           26%        N/A       6%          1
b - Wereblood             Tmut           13%        N/A       10%         2
c - Spider Form           Tmut/Pois      8%         N/A       34%         3

Your spell library contained the following spells:

 Spells                   Type           Power      Damage    Failure   Level
 Sting                    Tmut/Pois      32%        1d4       12%         1
 Animate Skeleton         Necr           4%         N/A       24%         1
 Apportation              Tloc           4%         N/A       24%         1
 Summon Small Mammal      Summ           8%         N/A       24%         1
 Poisonous Vapours        Pois/Air       4%         N/A       34%         2
 Blink                    Tloc           4%         N/A       36%         2
 Call Canine Familiar     Summ           2%         N/A       58%         3
 Portal Projectile        Hex/Tloc       4%         N/A       58%         3
 Summon Guardian Golem    Hex/Summ       2%         N/A       58%         3
 Ice Form                 Ice/Tmut       7%         N/A       77%         4
 Olgreb's Toxic Radiance  Pois           3%         N/A       91%         4
 Leda's Liquefaction      Hex/Erth       1%         N/A       94%         4
 Fireball                 Conj/Fire      1%         3d3       100%        5
 Manifold Assault         Tloc           2%         N/A       100%        5
 Starburst                Conj/Fire      1%         6d3       100%        6
 Storm Form               Tmut/Air       3%         N/A       100%        7
 Ignition                 Fire           1%         3d3       100%        8


Dungeon Overview and Level Annotations

Branches:
Dungeon (4/15)
 Temple: D:4-7

Altars:


Innate Abilities, Weirdness & Mutations

You have a pair of small antennae on your head.
You are partially covered in yellow scales. (AC +2)
Spells you cast may paralyse adjacent enemies.


Message History

The adder is heavily wounded.
You feel sick. The adder bites you.
You are more poisoned.
The adder poisons you! The adder bites you but does no damage.
The adder barely misses you. The adder closely misses you.
You feel very sick. The adder bites you but does no damage.
Your unstable footing causes you to fumble your attack.
You feel sick. The adder misses you.
You closely miss the adder.
You feel sick. The adder barely misses you.
Your unstable footing causes you to fumble your attack.
You feel sick. The adder closely misses you. The adder bites you.
* * * LOW HITPOINT WARNING * * *
You are lethally poisoned!
The adder poisons you!
Your unstable footing causes you to fumble your attack.
* * * LOW HITPOINT WARNING * * *
You feel sick. The adder bites you but does no damage.
Casting: Beastly Appendage (safe; 6% risk of failure)
Confirm with . or Enter, or press ? or * to list all spells.
Your blood is infused with primal strength.
Malevolent energies surge around you.
* * * LOW HITPOINT WARNING * * *
You feel sick. The adder bites you.
* * * LOW HITPOINT WARNING * * *
You closely miss the adder. Your kick misses the adder. You punch the adder.
The adder is heavily wounded.
* * * LOW HITPOINT WARNING * * *
You feel sick. The adder barely misses you.
Unknown command.
You hit the adder but do no damage. Your kick misses the adder.
The adder is heavily wounded.
Your talons disappear.
* * * LOW HITPOINT WARNING * * *
You feel sick. The adder misses you.
Unknown command.
You closely miss the adder.
The adder is heavily wounded.
The adder bites you but does no damage. The adder bites you.
You die...

##..##### #..
##.....####...
##.....)......
##.............
#.............
#....##....#####
#...###....#S≈≈#
#..# ##..≈#S#{#
#.. #..≈#@#≈# #.
#.≈≈≈≈#≈w
......†#≈#≈##
###...≈≈≈#≈≈
#....#≈###
#...≈≈≈#
##...≈≈# #######


You could see 2 adders.

Vanquished Creatures
  A jelly (D:3)
  5 adders
  3 river rats (D:4)
  A white imp (D:3)
  5 worms
  2 dart slugs
  3 orcs (D:3)
  A ball python (D:1)
  7 endoplasms
  4 giant cockroaches (D:1)
  6 goblins
  2 hobgoblins (D:1)
  6 jackals
  4 quokkas
  6 bats
  2 frilled lizards (D:1)
  2 kobolds
  4 rats
64 creatures vanquished.

Notes
Turn   | Place    | Note
-------+----------+-------------------------------------------
     0 | D:1      | siradein the Demonspawn Transmuter began the quest for the
                  | Orb.
     0 | D:1      | Reached XP level 1. HP: 15/15 MP: 3/3
   229 | D:1      | Gained mutation: You are partially covered in yellow
                  | scales. (AC +2) [demonic ancestry]
   229 | D:1      | Reached XP level 2. HP: 21/21 MP: 3/5
   233 | D:1      | Learned a level 2 spell: Wereblood
   903 | D:2      | Lost mutation: You have a pair of horns on your head.
                  | [demonic ancestry]
   903 | D:2      | Lost mutation: You have a pair of small horns on your head.
                  | [demonic ancestry]
   903 | D:2      | Gained mutation: You have a pair of small antennae on your
                  | head. [demonic ancestry]
   903 | D:2      | Reached XP level 3. HP: 26/26 MP: 4/6
  1413 | D:2      | Gained mutation: Spells you cast may paralyse adjacent
                  | enemies. [demonic ancestry]
  1413 | D:2      | Reached XP level 4. HP: 24/33 MP: 4/7
  1475 | D:2      | Learned a level 3 spell: Spider Form
  2607 | D:3      | Reached XP level 5. HP: 38/38 MP: 6/8
  3069 | D:4      | HP: 1/38 [poisoned by an adder]
  3070 | D:4      | Slain by an adder

Illustrated notes

Levels and vault maps discovered:
D:1:      evilmike_arrival_rings, layout_basic
D:2:      layout_loops_ring, st_stairs_5
D:3:      layout_basic
D:4:      gammafunk_cloud_chamber, layout_layer_cave, lightli_sewer_entry_pipes,
          uniq_sigmund, uniq_edmund

Skill      XL: |  1  2  3  4 |
---------------+-------------+-----
Transmutations | 2 3 |  3.3
Dodging        | 2 |  2.5
Unarmed Combat | 3 |  3.3
Fighting       | 2 |  2.1
Armour         | |  0.3
Spellcasting   | |  2.7
Poison Magic   | |  0.2

Action                   |  1- 3 |  4- 6 || total
-------------------------+-------+-------++-------
Melee: Unarmed           |    92 |   118 ||   210
       Kick              |    25 |    39 ||    64
       Headbutt          |     8 |       ||     8
       Punch             |     1 |     4 ||     5
 Cast: Beastly Appendage |    22 |    19 ||    41
       Wereblood         |       |     3 ||     3
  Use: Scroll            |       |     1 ||     1
 Stab: Paralysed         |       |    33 ||    33
Armor: Robe              |    24 |       ||    24
       Leather armour    |       |    41 ||    41
Dodge: Dodged            |    46 |    57 ||   103

Table legend: (Time is in decaauts)
 A = Elapsed time spent in this place.
 B = Non-inter-level travel time spent in this place.
 C = Inter-level travel time spent in this place.
 D = Time resting spent in this place.
 E = Time spent auto-exploring this place.
 F = Levels seen in this place.
 G = Mean time per level.
                   A        B        C        D        E       F      G
               +--------+--------+--------+--------+--------+-----+--------+
         Total |   3061 |   2972 |     89 |      0 |   2313 |   4 |  765.2 |
       Dungeon |   3061 |   2972 |     89 |      0 |   2313 |   4 |  765.2 |
               +--------+--------+--------+--------+--------+-----+--------+

Top non-repeatable levels by time:
     D:2: 1055 daAuts
     D:3: 963 daAuts
     D:1: 875 daAuts
     D:4: 166 daAuts
